 Dungeon Crawl Stone Soup version 0.28-a0-479-g5baa6b73be (webtiles) character file.

Game seed: 10686399048403366838

1027 Gargoyl the Skirmisher (level 8, -1/67 HPs)
             Began as a Gnoll Abyssal Knight on Sept 19, 2021.
             Was a Believer of Lugonu.
             Slain by a gnoll sergeant (11 damage)
             ... on level 6 of the Dungeon.
             The game lasted 00:06:31 (5502 turns).

Gargoyl the Skirmisher (Gnoll Abyssal Knight)       Turns: 5502, Time: 00:06:32

Health: -1/67      AC: 18    Str: 13    XL:     8   Next: 23%
Magic:  12/12      EV:  2    Int: 12    God:    Lugonu [**....]
Gold:   713        SH: 13    Dex: 12    Spells: 13/13 levels left

rFire   . . .      SeeInvis .   a - +1 hand axe
rCold   . . .      Faith    .   i - +0 kite shield
rNeg    + . .      Spirit   .   o - +0 plate armour
rPois   .          Reflect  +   c - +1 helmet
rElec   .          Harm     .   e - scarf {repulsion}
rCorr   .          Rampage  .   (no gloves)
Will    .....                   (no boots)
Stlth   ..........              p - amulet of reflection
HPRegen 0.21/turn               f - +4 ring of protection
MPRegen 0.13/turn               k - ring of positive energy

@: repel missiles
A: fangs 1, strong nose, distributed training
a: Renounce Religion, Depart the Abyss, Bend Space


You were on level 6 of the Dungeon.
You worshipped Lugonu.
Lugonu was pleased with you.
You visited 1 branch of the dungeon, and saw 6 of its levels.
You visited the Abyss 1 time.

You collected 749 gold pieces.
You spent 36 gold pieces at shops.

Inventory:

Hand Weapons
 a - a +1 hand axe (weapon)
 b - a +4 mace
Armour
 c - a +1 helmet (worn)
 e - a scarf of repulsion (worn)
 i - a +0 kite shield (worn)
 o - a +0 plate armour (worn)
Jewellery
 f - a +4 ring of protection (left hand)
 k - a ring of positive energy (right hand)
 p - an amulet of reflection (around neck)
Wands
 m - a wand of iceblast (7)
Scrolls
 h - a scroll of amnesia
 j - 2 scrolls of identify
Potions
 d - a potion of resistance {unknown}
 g - 2 potions of curing
 l - 2 potions of flight
 n - a potion of lignification


   Skills:
 + Level 7.3 Fighting
 + Level 3.1 Short Blades
 + Level 3.1 Long Blades
 + Level 5.5 Axes
 + Level 3.1 Maces & Flails
 + Level 3.1 Polearms
 + Level 3.1 Staves
 + Level 3.1 Slings
 + Level 3.1 Bows
 + Level 3.1 Crossbows
 + Level 3.1 Throwing
 + Level 5.5 Armour
 + Level 4.0 Dodging
 + Level 3.1 Stealth
 + Level 3.1 Shields
 + Level 3.1 Unarmed Combat
 + Level 3.1 Spellcasting
 + Level 2.5 Conjurations
 + Level 2.5 Hexes
 + Level 2.5 Summonings
 + Level 2.5 Necromancy
 + Level 2.5 Translocations
 + Level 2.5 Transmutations
 + Level 2.5 Fire Magic
 + Level 2.5 Ice Magic
 + Level 2.5 Air Magic
 + Level 2.5 Earth Magic
 + Level 2.5 Poison Magic
 + Level 5.7 Invocations
 + Level 3.1 Evocations


You had 13 spell levels left.
You didn't know any spells.
Your spell library contained the following spells:

 Spells                   Type           Power      Damage    Failure   Level
 Summon Small Mammal      Summ           28%        N/A       100%        1
 Call Canine Familiar     Summ           7%         N/A       100%        3
 Portal Projectile        Hex/Tloc       14%        N/A       100%        3
 Summon Guardian Golem    Hex/Summ       7%         N/A       100%        3
 Blade Hands              Tmut           3%         N/A       100%        5
 Excruciating Wounds      Necr           3%         N/A       100%        5


Dungeon Overview and Level Annotations

Branches:
Dungeon (6/15)
 Temple: D:4-7

Altars:
Kikubaaqudgha
Makhleb
Xom
The Shining One

Shops:
D:4 *((

Annotations:
D:5 2 transporters, Cercoroba's ghost, novice TrBe


Innate Abilities, Weirdness & Mutations

You have very sharp teeth.
Your uncanny sense of smell can sniff out nearby items.
Your experience applies equally to all skills.


Message History

You hit the bush.
You hit the bush but do no damage. x2; You hit the gnoll.
You block the gnoll sergeant's attack. You block the gnoll's attack.
Unknown command.
The gnoll sergeant blocks your attack.
The gnoll sergeant is severely wounded.
You barely miss the gnoll. You hit the bush but do no damage. x3
The gnoll sergeant barely misses you. You block the gnoll's attack. x2
Unknown command.
You hit the gnoll sergeant but do no damage.
The gnoll sergeant is severely wounded.
You hit the gnoll. x2
You kill the gnoll!
Lugonu accepts your kill.
You hit the bush but do no damage. You hit the bush.
You hit the bush but do no damage. You block the gnoll sergeant's attack.
The gnoll hits you but does no damage.
The gnoll sergeant hits you but does no damage.
You hit the gnoll sergeant but do no damage.
The gnoll sergeant is severely wounded.
You hit the bush. x3; You barely miss the gnoll.
The gnoll hits you with a +0 club.
* * * LOW HITPOINT WARNING * * *
The gnoll sergeant hits you but does no damage.
Unknown command.
Your shield and plate armour prevent you from hitting the gnoll sergeant.
The gnoll sergeant is severely wounded.
You hit the bush.
You hit the bush but do no damage. x2; You hit the gnoll.
You block the gnoll's attack.
The gnoll sergeant hits you but does no damage.
The gnoll hits you but does no damage.
Unknown command.
You barely miss the gnoll.
The gnoll is severely wounded.
You hit the gnoll sergeant but do no damage.
You hit the bush but do no damage. x3
The gnoll sergeant hits you with a +0 spear.
* * * LOW HITPOINT WARNING * * *
You block the gnoll's attack.
The gnoll sergeant hits you with a +0 spear!
You die...

..# # #.# ..
#.######.#.#
#####)..........
#......†.§..# _.
#.###...PP..#
....###.###...PP..#
............ggPP..#
....###.####)@PP
... . #.# #..PP
.... #.#


#..PPPPPPP. ##.## #..PPPPPPP. #.#.# #.......... ##..# #$......$..
##.#######.#.... #.#.## ...... ####....#### ..... You could see a gnoll sergeant
and a gnoll.

Vanquished Creatures
  A steam dragon (D:4)
  A black bear (D:6)
  2 ogres
  A centaur (D:5)
  A phantom (D:6)
  2 scorpions
  A howler monkey (D:5)
  2 bullfrog skeletons
  A hound (D:6)
  An iron imp (Abyss:1)
  Ijyb (D:4)
  A hound skeleton (D:5)
  7 adders
  A howler monkey skeleton (D:4)
  2 gnolls (D:6)
  An ufetubus (D:5)
  An adder skeleton (D:4)
  3 dart slugs
  4 orcs (D:5)
  A bat zombie (D:3)
  8 endoplasms
  7 giant cockroaches
  6 goblins
  13 hobgoblins
  4 jackals (D:4)
  A kobold (D:3)
  A quokka (D:1)
  2 ball pythons
  4 bats
  A frilled lizard (D:1)
  7 rats
  2 rat zombies (D:3)
91 creatures vanquished.

Vanquished Creatures (others)
  A bat (D:1)
  A goblin (D:1)
2 creatures vanquished.

Grand Total: 93 creatures vanquished

Notes
Turn   | Place    | Note
-------+----------+-------------------------------------------
     0 | Abyss:1  | Gargoyl the Gnoll Abyssal Knight began the quest for the
                  | Orb.
     0 | Abyss:1  | Reached XP level 1. HP: 23/23 MP: 3/3
    10 | Abyss:1  | Noticed an iron imp
    22 | Abyss:1  | Killed an iron imp
    23 | Abyss:1  | Reached XP level 2. HP: 4/29 MP: 5/5
    23 | Abyss:1  | Reached XP level 3. HP: 5/35 MP: 6/6
   260 | Abyss:1  | Noticed a large abomination
   315 | Abyss:1  | Noticed a wretched star
   316 | D:1      | Escaped the Abyss
   691 | D:1      | Reached * piety under Lugonu
  1310 | D:2      | Reached skill level 1 in Short Blades
  1310 | D:2      | Reached skill level 1 in Long Blades
  1310 | D:2      | Reached skill level 1 in Maces & Flails
  1310 | D:2      | Reached skill level 1 in Polearms
  1310 | D:2      | Reached skill level 1 in Staves
  1310 | D:2      | Reached skill level 1 in Slings
  1310 | D:2      | Reached skill level 1 in Bows
  1310 | D:2      | Reached skill level 1 in Crossbows
  1310 | D:2      | Reached skill level 1 in Throwing
  1310 | D:2      | Reached skill level 1 in Stealth
  1310 | D:2      | Reached skill level 1 in Shields
  1310 | D:2      | Reached skill level 1 in Unarmed Combat
  1310 | D:2      | Reached skill level 1 in Spellcasting
  1310 | D:2      | Reached skill level 1 in Evocations
  1847 | D:2      | Reached XP level 4. HP: 39/41 MP: 7/7
  2417 | D:3      | Identified a scroll of acquirement
  2417 | D:3      | Acquired 451 gold pieces
  2695 | D:3      | Reached skill level 1 in Conjurations
  2695 | D:3      | Reached skill level 1 in Hexes
  2695 | D:3      | Reached skill level 1 in Summonings
  2695 | D:3      | Reached skill level 1 in Necromancy
  2695 | D:3      | Reached skill level 1 in Translocations
  2695 | D:3      | Reached skill level 1 in Transmutations
  2695 | D:3      | Reached skill level 1 in Fire Magic
  2695 | D:3      | Reached skill level 1 in Ice Magic
  2695 | D:3      | Reached skill level 1 in Air Magic
  2695 | D:3      | Reached skill level 1 in Earth Magic
  2695 | D:3      | Reached skill level 1 in Poison Magic
  2752 | D:3      | Found an ancient bone altar of Kikubaaqudgha.
  2778 | D:3      | Found a faded altar of an unknown god.
  2925 | D:3      | Noticed a scorpion
  2936 | D:3      | Killed a scorpion
  2936 | D:3      | Reached ** piety under Lugonu
  2937 | D:3      | Reached XP level 5. HP: 22/47 MP: 6/8
  3489 | D:4      | Found a shimmering altar of Xom.
  3558 | D:4      | Noticed Ijyb
  3566 | D:4      | Killed Ijyb
  3631 | D:4      | Found a burning altar of Makhleb.
  3706 | D:4      | Reached skill level 5 in Invocations
  3764 | D:4      | Noticed a steam dragon
  3776 | D:4      | Killed a steam dragon
  3777 | D:4      | Reached skill level 5 in Axes
  3777 | D:4      | Reached skill level 5 in Armour
  3777 | D:4      | Reached XP level 6. HP: 15/53 MP: 3/9
  4026 | D:4      | Found Jeor's Weapon Shoppe.
  4027 | D:4      | Found Guujann's Antique Weapon Emporium.
  4029 | D:4      | Found Acvussip's General Store.
  4038 | D:4      | Bought a potion of lignification for 36 gold pieces
  4137 | D:4      | Reached XP level 7. HP: 59/59 MP: 10/10
  4521 | D:5      | Entered Level 5 of the Dungeon
  4580 | D:5      | Reached skill level 7 in Fighting
  4639 | D:5      | Noticed Cercoroba's ghost (novice TrBe)
  4651 | D:5      | Found a transporter.
  4653 | D:5      | Found a transporter.
  5424 | D:6      | Found a glowing golden altar of the Shining One.
  5433 | D:6      | Reached XP level 8. HP: 67/67 MP: 12/12
  5502 | D:6      | Slain by a gnoll sergeant

Illustrated notes

Levels and vault maps discovered:
D:1:      dpeg_arrival_short_road, layout_loops_ring, minmay_indecisive_spiral
D:2:      minmay_inner_zag, layout_basic, grunt_decor_fettered
D:3:      layout_rooms, lemuel_zombie_altar_kikubaaqudgha,
          chequers_ecumenical_altar_lobes, bh_walls_and_bars
D:4:      layout_basic, mainiacjoe_overflow_paths, mainiacjoe_overflow_alcove_1,
          nicolae_wooded_promenade, uniq_ijyb
D:5:      layout_basic, gammafunk_ghost_arena
D:6:      layout_loops_corners, mainiacjoe_overflow_chevrons,
          grunt_temple_overflow_open, palyth_stone_intersect

Skill      XL: |  1  2  3  4  5  6  7  8 |
---------------+-------------------------+-----
Short Blades   | 1 2 3 |  3.1
Long Blades    | 1 2 3 |  3.1
Maces & Flails | 1 2 3 |  3.1
Polearms       | 1 2 3 |  3.1
Staves         | 1 2 3 |  3.1
Slings         | 1 2 3 |  3.1
Bows           | 1 2 3 |  3.1
Crossbows      | 1 2 3 |  3.1
Throwing       | 1 2 3 |  3.1
Stealth        | 1 2 3 |  3.1
Shields        | 1 2 3 |  3.1
Unarmed Combat | 1 2 3 |  3.1
Spellcasting   | 1 2 3 |  3.1
Evocations     | 1 2 3 |  3.1
Conjurations   | 1 2 |  2.5
Hexes          | 1 2 |  2.5
Summonings     | 1 2 |  2.5
Necromancy     | 1 2 |  2.5
Translocations | 1 2 |  2.5
Transmutations | 1 2 |  2.5
Fire Magic     | 1 2 |  2.5
Ice Magic      | 1 2 |  2.5
Air Magic      | 1 2 |  2.5
Earth Magic    | 1 2 |  2.5
Poison Magic   | 1 2 |  2.5
Dodging        | 3 4 |  4.0
Invocations    | 5 |  5.7
Axes           | 5 |  5.5
Armour         | 5 |  5.5
Fighting       | 7 |  7.3

Action                   |  1- 3 |  4- 6 |  7- 9 || total
-------------------------+-------+-------+-------++-------
Melee: Hand axe          |    95 |    94 |    15 ||   204
       Bite              |     7 |     7 |    10 ||    24
       Mace              |       |    63 |    95 ||   158
Invok: Depart the Abyss  |     1 |       |       ||     1
Evoke: Wand              |       |     2 |     2 ||     4
  Use: Scroll            |     3 |     4 |     4 ||    11
       Potion            |     1 |     2 |       ||     3
Armor: Chain mail        |    81 |   142 |     7 ||   230
       Plate armour      |       |       |   113 ||   113
Dodge: Dodged            |    27 |    32 |     9 ||    68
       Repelled          |     2 |       |       ||     2
Block: Kite shield       |    13 |    68 |    94 ||   175

Table legend: (Time is in decaauts)
 A = Elapsed time spent in this place.
 B = Non-inter-level travel time spent in this place.
 C = Inter-level travel time spent in this place.
 D = Time resting spent in this place.
 E = Time spent auto-exploring this place.
 F = Levels seen in this place.
 G = Mean time per level.
                   A        B        C        D        E       F      G
               +--------+--------+--------+--------+--------+-----+--------+
         Total |   5639 |   5429 |    210 |    206 |   4046 |   7 |  805.6 |
       Dungeon |   5322 |   5112 |    210 |    206 |   3787 |   6 |  887.0 |
         Abyss |    316 |    316 |      0 |      0 |    259 |   1 |  316.0 |
               +--------+--------+--------+--------+--------+-----+--------+

Top non-repeatable levels by time:
     D:4: 1325 daAuts
     D:2: 1263 daAuts
     D:1: 860 daAuts
     D:5: 854 daAuts
     D:3: 843 daAuts
 Abyss:1: 316 daAuts
     D:6: 175 daAuts
